 Dungeon Crawl Stone Soup version 0.27-a0-1186-g8b4daa1eef (webtiles) character file.

Game seed: 13091579809298328661

194 pokeman the Magician (level 5, 0/29 HPs)
             Began as a Deep Elf Hedge Wizard on May 19, 2021.
             Succumbed to an orc wizard's poison
             ... on level 3 of the Dungeon.
             The game lasted 00:08:04 (3255 turns).

pokeman the Magician (Deep Elf Hedge Wizard)        Turns: 3255, Time: 00:08:04

Health: 0/29       AC:  4    Str: 13    XL:     5   Next: 44%
Magic:  2/15       EV: 12    Int: 20    God:
Gold:   128        SH:  0    Dex: 14    Spells: 5/16 levels left

rFire    + . .     SeeInvis .   m - +5 dagger (venom)
rCold    x . .     Faith    .   (no shield)
rNeg     . . .     Spirit   .   g - +0 leather armour
rPois    .         Reflect  .   c - +0 hat
rElec    .         Harm     .   i - +0 cloak
rCorr    .         Rampage  .   (no gloves)
Will     .....                  (no boots)
Stlth    ++........             (no amulet)
HPRegen  0.09/turn              q - +6 ring of strength
MPRegen  0.14/turn              n - ring of fire

@: lethally poisoned (0 -> -3)
A: no striking features
a: no special abilities


You were on level 3 of the Dungeon.
You visited 1 branch of the dungeon, and saw 3 of its levels.

You collected 128 gold pieces.

Inventory:

Hand Weapons
 m - a +5 dagger of venom (weapon)
Missiles
 o - 19 arrows
 p - 3 curare-tipped darts
Armour
 c - a +0 hat (worn)
 g - a +0 leather armour (worn)
 i - a +0 cloak (worn)
Jewellery
 e - a ring of flight
 n - a ring of fire (right hand)
 q - a +6 ring of strength (left hand)
Wands
 r - a wand of flame (16)
Scrolls
 b - a scroll of acquirement {unknown}
 d - 3 scrolls of identify {unknown}
 f - a scroll of blinking {unknown}
 h - a scroll of holy word {unknown}
 j - a scroll of enchant armour {unknown}
 k - a scroll of noise {unknown}
 l - a scroll of teleportation {unknown}


   Skills:
 - Level 1.0 Fighting
 - Level 1.0 Armour
 - Level 3.0 Dodging
 + Level 2.5 Stealth
 * Level 6.3 Spellcasting
 + Level 2.7 Conjurations
 - Level 1.1 Summonings
 - Level 1.1 Translocations
 - Level 1.3 Fire Magic
 + Level 0.5 Evocations


You had 5 spell levels left.
You knew the following spells:

 Your Spells              Type           Power      Damage    Failure   Level
a - Magic Dart            Conj           68%        1d6       4%          1
b - Mephitic Cloud        Conj/Pois/Air  9%         N/A       26%         3
c - Call Imp              Summ           10%        N/A       12%         2
d - Blink                 Tloc           N/A        N/A       12%         2
e - Conjure Flame         Conj/Fire      21%        6-21      17%         3

Your spell library contained the following spells:

 Spells                   Type           Power      Damage    Failure   Level
 Slow                     Hex            6%         N/A       19%         2
 Gell's Gravitas          Tloc           5%         N/A       24%         3
 Confusing Touch          Hex            6%         N/A       36%         3
 Petrify                  Tmut/Erth      6%         N/A       77%         4
 Metabolic Englaciation   Hex/Ice        3%         N/A       98%         5
 Yara's Violent Unravell  Hex/Tmut       3%         3d4       98%         5


Dungeon Overview and Level Annotations

Branches:
Dungeon (3/15)

Altars:
Elyvilon

Shops:
D:1 [

Annotations:
D:3 3 runed translucent doors


Message History

You feel sick.
You feel sick.
You feel sick.
You are no longer poisoned.
You hear some strange, mumbled words.
You are confused.
You bump into the rock wall.
You bump into the rock wall.
You hear some strange, mumbled words.
Something tries to affect you, but you resist.
You hear some strange, mumbled words.
A puff of flame appears from out of thin air!
The puff of flame hits you. You resist.
You feel less confused.
Casting: Mephitic Cloud (quite dangerous; 26% risk of failure)
Confirm with . or Enter, or press ? or * to list all spells.
The spell is quite dangerous to cast (26% risk of failure)!
Continue anyway?
Aiming: Mephitic Cloud (quite dangerous; 26% risk of failure)
Press: ? - help, Shift-Dir - straight line The ball explodes into a vile cloud!
The stinking cloud engulfs something but does no damage.
The stinking cloud engulfs you but does no damage.
You are engulfed in noxious fumes.
You hear a shout!
Something hits you.
* * * LOW HITPOINT WARNING * * *
You are lethally poisoned!
Unknown command.
Unknown command.
* * * LOW HITPOINT WARNING * * *
You feel very sick.
Unknown command.
* * * LOW HITPOINT WARNING * * *
You feel sick.
* * * LOW HITPOINT WARNING * * *
You feel sick.
You aren't carrying any potions.
* * * LOW HITPOINT WARNING * * *
You feel sick.
You die...

#.# #.# #.#
#.## #..# ##.#
### #.# ... #.#
### #@# #.# #{#
#.# #.# #.# #.#
######.## #.#
#........
#######.###.###


There were no monsters in sight!

Vanquished Creatures
  Ijyb (D:3)
  Natasha (thrice) (D:2)
  An adder (D:3)
  2 gnolls (D:3)
  3 worms
  2 orcs (D:3)
  7 endoplasms
  A giant cockroach (D:1)
  5 goblins
  4 hobgoblins
  3 quokkas
  9 ball pythons
  4 bats
  5 frilled lizards
  2 kobolds (D:2)
  8 rats
60 creatures vanquished.

Notes
Turn   | Place    | Note
-------+----------+-------------------------------------------
     0 | D:1      | pokeman the Deep Elf Hedge Wizard began the quest for the
                  | Orb.
     0 | D:1      | Reached XP level 1. HP: 10/10 MP: 7/7
     4 | D:1      | Noticed an elephant
   274 | D:1      | Found a faded altar of an unknown god.
   298 | D:1      | Found Heis's Antique Armour Emporium.
   399 | D:1      | Reached XP level 2. HP: 16/16 MP: 5/9
  1156 | D:1      | Noticed a death yak
  1405 | D:2      | Reached skill level 5 in Spellcasting
  1679 | D:2      | Reached XP level 3. HP: 20/20 MP: 6/11
  1683 | D:2      | Learned a level 3 spell: Mephitic Cloud
  1686 | D:2      | Learned a level 2 spell: Call Imp
  1689 | D:2      | Learned a level 2 spell: Blink
  1693 | D:2      | Learned a level 3 spell: Conjure Flame
  2064 | D:2      | Noticed Natasha
  2070 | D:2      | Killed Natasha
  2071 | D:2      | Reached skill level 1 in Fighting
  2071 | D:2      | Reached skill level 1 in Armour
  2130 | D:2      | Noticed Natasha
  2136 | D:2      | Killed Natasha
  2137 | D:2      | Reached XP level 4. HP: 14/25 MP: 6/13
  2271 | D:2      | Found a white marble altar of Elyvilon.
  2439 | D:2      | Noticed Natasha
  2445 | D:2      | Killed Natasha
  2490 | D:3      | Reached skill level 1 in Fire Magic
  2505 | D:3      | Found a runed translucent gate.
  2820 | D:3      | Noticed Ijyb
  2834 | D:3      | Reached skill level 6 in Spellcasting
  2834 | D:3      | Reached XP level 5. HP: 20/29 MP: 4/15
  2842 | D:3      | Killed Ijyb
  3085 | D:3      | Found a runed translucent gate.
  3085 | D:3      | Found a runed translucent gate.
  3087 | D:3      | Identified the +4 short sword "Nuyzaide" {freeze, rF- rCorr
                  | SInv}
  3087 | D:3      | Identified the +0 ring mail of Elyvilon {rPois}
  3254 | D:3      | HP: 1/29 [poisoned by an orc wizard]
  3255 | D:3      | Succumbed to an orc wizard's poison

Illustrated notes

Levels and vault maps discovered:
D:1:      sevenhm_arrival_forest_fort_small_2, layout_loops_corners,
          serial_shops, shop, basic_ecumenical_altar
D:2:      layout_loops_cross, basic_altar, minmay_tiny_reverse_x, uniq_natasha
D:3:      layout_loops_ring, biasface_ghost_orc_armoury, uniq_ijyb

Skill      XL: |  1  2  3  4  5 |
---------------+----------------+-----
Spellcasting   | 5 6 |  6.3
Fighting       | 1 |  1.0
Armour         | 1 |  1.0
Conjurations   | 2 |  2.7
Fire Magic     | 1 |  1.3
Dodging        | 3 |  3.0
Stealth        | |  2.5
Summonings     | |  1.1
Translocations | |  1.1
Evocations     | |  0.5

Action                   |  1- 3 |  4- 6 || total
-------------------------+-------+-------++-------
Melee: Dagger            |     6 |    43 ||    49
 Cast: Magic Dart        |    66 |    30 ||    96
       Mephitic Cloud    |     3 |     9 ||    12
  Use: Potion            |       |     1 ||     1
 Stab: Confused          |       |     3 ||     3
Armor: Leather armour    |     3 |    11 ||    14
Dodge: Dodged            |     4 |    22 ||    26

Table legend: (Time is in decaauts)
 A = Elapsed time spent in this place.
 B = Non-inter-level travel time spent in this place.
 C = Inter-level travel time spent in this place.
 D = Time resting spent in this place.
 E = Time spent auto-exploring this place.
 F = Levels seen in this place.
 G = Mean time per level.
                   A        B        C        D        E       F      G
               +--------+--------+--------+--------+--------+-----+--------+
         Total |   3253 |   3135 |    118 |     57 |   2606 |   3 | 1084.3 |
       Dungeon |   3253 |   3135 |    118 |     57 |   2606 |   3 | 1084.3 |
               +--------+--------+--------+--------+--------+-----+--------+

Top non-repeatable levels by time:
     D:1: 1313 daAuts
     D:2: 1167 daAuts
     D:3: 772 daAuts
